 Dungeon Crawl Stone Soup version 0.17.0-27-g4a3f43e (webtiles) character file.

9552 Solomon123 the Blocker (level 11, -2/89 HPs)
             Began as a Formicid Fighter on Nov 21, 2015.
             Was an Elder of Qazlal.
             Slain by a steam dragon (5 damage)
             ... on level 11 of the Dungeon.
             The game lasted 00:45:45 (9215 turns).

Solomon123 the Blocker (Formicid Fighter)           Turns: 9215, Time: 00:45:45

Health: -2/89      AC: 14    Str: 27    XL:     11   Next: 76%
Magic:  16/16      EV:  8    Int:  7    God:    Qazlal [****..]
Gold:   358        SH: 18    Dex: 12    Spells: 0 memorised, 10 levels left

rFire  . . .     SeeInvis +     p - +3 battleaxe (flame)
rCold  . . .     Clarity  .     q - +1 plate armour
rNeg   . . .     SustAt   .     c - +0 shield
rPois  +         Gourm    .     (helmet unavailable)
rElec  .         Spirit   .     e - +2 cloak {rPois}
rCorr  .         Warding  .     (no gloves)
rMut   .         Stasis   +     (no boots)
MR     ++...                    v - amulet of faith
Stlth  ..........               s - +4 ring of strength
                                y - ring of protection from magic

@: corroded equipment, repel missiles, very resistant to hostile enchantments,
extremely unstealthy
A: permanent stasis, dig shafts and tunnels, four strong arms, antennae 3, spit
poison 1
a: Dig, Shaft Self, Spit Poison, Upheaval, Elemental Force, Renounce Religion


You were on level 11 of the Dungeon.
You worshipped Qazlal.
Qazlal was greatly pleased with you.
You were not hungry.

You visited 2 branches of the dungeon, and saw 12 of its levels.

You collected 592 gold pieces.
You spent 234 gold pieces at shops.

Inventory:

Hand Weapons
 p - a +3 battleaxe of flaming (weapon)
Missiles
 d - a tomahawk of dispersal (quivered)
Armour
 c - a +0 shield (worn)
 e - a +2 cloak of poison resistance (worn)
 q - a +1 plate armour (worn)
 D - a +1 chain mail of poison resistance
Jewellery
 r - an uncursed ring of protection from fire
 s - a +4 ring of strength (right hand)
 v - an amulet of faith (around neck)
 y - a ring of protection from magic (left hand)
Wands
 x - a wand of random effects (6)
Scrolls
 b - 4 scrolls of recharging
 i - 2 scrolls of remove curse
 j - 4 scrolls of fog
 z - 3 scrolls of enchant armour
 G - a scroll of summoning
Potions
 g - a potion of magic {unknown}
 h - 2 potions of haste {unknown}
 k - 2 potions of ambrosia {unknown}
 m - 2 potions of curing
 u - 2 potions of agility
 w - a potion of berserk rage {unknown}
Comestibles
 a - 4 chunks of flesh
 f - 8 beef jerkies
 o - 13 slices of pizza
 t - 5 meat rations
 A - 3 bread rations
 B - 3 fruits


   Skills:
 * Level 9.4 Fighting
 + Level 7.5 Axes
 + Level 8.6 Armour
 + Level 2.4 Dodging
 + Level 10.3 Shields
 * Level 6.6 Invocations
 * Level 6.6 Evocations


You had 10 spell levels left.
You didn't know any spells.

Dungeon Overview and Level Annotations

Branches:
Dungeon (11/15)            Temple (1/1) D:6            Lair (0/8) D:9
    Orc (0/4) D:9

Altars:
Ashenzari
Cheibriados
Dithmenos
Elyvilon
Fedhas
Gozag
Kikubaaqudgha
Makhleb
Nemelex Xobeh
Okawaru
Qazlal
Ru
Sif Muna
Trog
Vehumet
Xom
Yredelemnul
Zin
The Shining One

Shops:
D:4 (   D:5 [!%(   D:6 (*


Innate Abilities, Weirdness & Mutations

You are under a permanent stasis effect.
You can dig through walls and to a lower floor.
Your four strong arms can wield two-handed weapons with a shield.
You have a pair of large antennae on your head (SInv).
You can spit weak poison.


Message History

The hill giant is heavily wounded.
The hill giant hits you with a giant spiked club!!
* * * LOW HITPOINT WARNING * * *
You slash the hill giant! You burn the hill giant.
The hill giant is severely wounded.
You slash the hill giant! You burn the hill giant.
The hill giant is almost dead.
The hill giant hits you with a giant spiked club!!
* * * LOW HITPOINT WARNING * * *
Drink which item? (? for menu, Esc to quit)
Okay, then.
You slash the hill giant! You burn the hill giant.
You kill the hill giant!
Qazlal accepts your kill. The steam dragon breathes steam at you.
You block the ball of steam.
You closely miss the steam dragon.
You are engulfed in a cloud of scalding steam.
The steam dragon bites you.
You die...

#..# ###'###
#.....# #.....#
######+ #.....#
......> #.....###
....... #.....'.##
.......
#.....#..##.......
#.....##.@D§..?...
#.....#####.......
####### #######


You could see a steam dragon.

Vanquished Creatures
  A hill giant (D:11)
  3 trolls
  Grinder (D:3)
  The ghost of sevenseve the Skirmisher, an amateur GrFi of the Shining One (D:4)
  A deep elf mage (D:9)
  A hog (D:7)
  A human (D:7)
  2 hungry ghosts
  9 yaks (D:10)
  2 hippogriffs
  2 wolves (D:8)
  A sky beast (D:9)
  4 orc warriors
  2 phantoms
  An eye of draining (D:10)
  5 ogres (D:9)
  2 ice beasts
  A necrophage (D:9)
  A black bear (D:7)
  6 centaurs
  7 giant frogs
  6 big kobolds
  2 gnoll sergeants (D:9)
  15 killer bees (D:10)
  A scorpion (D:8)
  A wight (D:9)
  3 electric eels (D:9)
  2 crimson imps
  2 giant frog zombies
  4 orc priests
  A centaur zombie (D:6)
  3 jellies
  A centaur skeleton (D:9)
  A quasit (D:10)
  11 hounds
  7 orc wizards
  10 worker ants
  3 giant frog skeletons
  4 iguanas
  3 sheep (D:7)
  A killer bee zombie (D:10)
  2 worker ant zombies (D:6)
  6 gnolls
  5 adders
  A shadow imp (D:9)
  An ooze (D:4)
  An adder skeleton (D:9)
  A worm (D:2)
  6 giant geckos
  33 orcs
  6 bats
  6 giant cockroaches
  8 goblins
  5 hobgoblins
  13 jackals
  6 quokkas
  A ball python (D:1)
  A giant gecko skeleton (D:4)
  6 giant newts
  16 kobolds
  A quokka skeleton (D:4)
  6 rats
266 creatures vanquished.

Vanquished Creatures (others)
  A jackal (D:9)
1 creature vanquished.

Grand Total: 267 creatures vanquished

Notes
Turn   | Place    | Note
--------------------------------------------------------------
     0 | D:1      | Solomon123 the Formicid Fighter began the quest for the Orb.
     0 | D:1      | Reached XP level 1. HP: 18/18 MP: 1/1
   215 | D:1      | Reached XP level 2. HP: 20/24 MP: 2/2
   244 | D:1      | Reached skill level 4 in Shields
   716 | D:2      | Reached XP level 3. HP: 28/30 MP: 3/3
  1303 | D:2      | Reached XP level 4. HP: 37/37 MP: 4/4
  1399 | D:3      | Found a radiant altar of Vehumet.
  1477 | D:3      | Found a shadowy altar of Dithmenos.
  1480 | D:3      | Found a faded altar to an unknown god.
  1489 | D:3      | Noticed Grinder
  1500 | D:3      | Killed Grinder
  1500 | D:3      | Reached skill level 1 in Dodging
  1500 | D:3      | Reached skill level 5 in Shields
  1500 | D:3      | Reached XP level 5. HP: 16/43 MP: 5/5
  1500 | D:3      | Reached XP level 6. HP: 18/49 MP: 6/6
  2241 | D:4      | Noticed sevenseve's ghost (amateur GrFi)
  2259 | D:4      | Killed sevenseve's ghost
  2259 | D:4      | Reached skill level 5 in Fighting
  2259 | D:4      | Reached skill level 5 in Armour
  2259 | D:4      | Reached XP level 7. HP: 36/56 MP: 7/7
  2274 | D:4      | Found Acrounuh's Antique Weapon Boutique.
  2473 | D:4      | Found a basalt altar of Yredelemnul.
  2726 | D:4      | Reached XP level 8. HP: 39/63 MP: 8/8
  2939 | D:4      | Reached skill level 6 in Shields
  3020 | D:4      | Found a white marble altar of Elyvilon.
  3020 | D:4      | Found a sacrificial altar of Ru.
  3076 | D:5      | Entered Level 5 of the Dungeon
  3079 | D:5      | Found Izxaclat's Armour Emporium.
  3441 | D:5      | Found Othreuc's Distillery.
  3459 | D:5      | Bought a potion of agility for 40 gold pieces
  3459 | D:5      | Bought a potion of heal wounds for 50 gold pieces
  3459 | D:5      | Bought a potion of curing for 30 gold pieces
  3496 | D:5      | Found Deyrotwa's Weapon Emporium.
  3542 | D:5      | Found Kifreqim's Food Shoppe.
  3662 | D:5      | Reached skill level 1 in Evocations
  3667 | D:5      | Found a bloodstained altar of Trog.
  3751 | D:5      | Found an opulent altar of Gozag.
  3844 | D:6      | Found a staircase to the Ecumenical Temple.
  3860 | Temple   | Entered the Ecumenical Temple
  3952 | Temple   | Became a worshipper of Qazlal Stormbringer
  4051 | D:6      | Found Keud's Antique Weapon Shop.
  4224 | D:6      | Gained mutation: You can spit weak poison. [potion of beneficial mutation]
  4456 | D:6      | Found Udgheoba's Assorted Antiques.
  4470 | D:6      | Bought a scroll labeled PYTA WYOMIWKIOG for 19 gold pieces
  4470 | D:6      | Bought a blackened silver amulet for 95 gold pieces
  4569 | D:6      | Found a glowing silver altar of Zin.
  4570 | D:6      | Noticed an angel
  4796 | D:7      | Reached skill level 1 in Invocations
  4796 | D:7      | Reached XP level 9. HP: 61/71 MP: 10/10
  4831 | D:7      | Reached skill level 7 in Armour
  4924 | D:7      | Reached skill level 5 in Axes
  4940 | D:7      | Reached * piety under Qazlal
  5647 | D:8      | Reached skill level 8 in Shields
  5647 | D:8      | Reached XP level 10. HP: 72/79 MP: 12/12
  5752 | D:8      | Reached ** piety under Qazlal
  6110 | D:8      | Found a stormy altar of Qazlal.
  6378 | D:9      | Found a staircase to the Lair.
  6717 | D:8      | Reached skill level 9 in Shields
  6717 | D:8      | Reached skill level 5 in Invocations
  7226 | D:9      | Reached *** piety under Qazlal
  7763 | D:9      | Got an ominously black robe
  7775 | D:9      | Identified the +2 robe "Doagrabe" {+Fly Int+3 Dex+4} (You found it on level 9 of the Dungeon)
  8034 | D:9      | Found a burning altar of Makhleb.
  8070 | D:9      | Reached XP level 11. HP: 75/87 MP: 15/15
  8109 | D:9      | Reached skill level 5 in Evocations
  8188 | D:9      | Found a deep blue altar of Sif Muna.
  8498 | D:9      | Found a staircase to the Orcish Mines.
  8603 | D:9      | Found an iron altar of Okawaru.
  8696 | D:10     | Entered Level 10 of the Dungeon
  8950 | D:10     | Got an encrusted trident
  8951 | D:10     | Identified the cursed +1 trident of Honour {venom, rC+ MR+ Dex+3 Stlth-} (You found it on level 10 of the Dungeon)
  8964 | D:10     | Reached **** piety under Qazlal
  9044 | D:10     | Found a bloodstained altar of Trog.
  9070 | D:10     | Reached skill level 10 in Shields
  9203 | D:11     | Noticed a hill giant
  9213 | D:11     | HP: 3/89 [hill giant/giant spiked club (19)]
  9214 | D:11     | Killed a hill giant
  9215 | D:11     | Slain by a steam dragon

Action                   |  1- 3 |  4- 6 |  7- 9 | 10-12 || total
-------------------------+-------+-------+-------+-------++-------
Melee: War axe           |   125 |   102 |   334 |   314 ||   875
       Battleaxe         |       |       |       |   117 ||   117
Throw: Tomahawk          |       |       |     1 |       ||     1
Invok: Upheaval          |       |       |       |     3 ||     3
 Abil: Spit Poison       |       |       |       |     9 ||     9
Evoke: Wand              |       |       |       |    10 ||    10
  Use: Scroll            |     1 |     8 |     6 |     9 ||    24
       Potion            |       |     1 |     2 |     4 ||     7
  Eat: Chunk             |     2 |     3 |    11 |     9 ||    25
       Bread ration      |       |       |     3 |     1 ||     4
       Pizza             |       |       |     1 |       ||     1
       Meat ration       |       |       |       |     1 ||     1
